 Dungeon Crawl Stone Soup version 0.25.1-8-g42b30a86e7 (webtiles) character file.

Game seed: 17443662909291109095

4550 Clowwww the Cleaver (level 10, -3/76 HPs)
             Began as a Demonspawn Fighter on Dec 26, 2020.
             Was a Priest of Okawaru.
             Slain by a hornet (8 damage)
             ... while paralysed by a hornet
             ... on level 9 of the Dungeon.
             The game lasted 00:16:23 (7999 turns).

Clowwww the Cleaver (Demonspawn Fighter)            Turns: 7999, Time: 00:16:24

Health: -3/76      AC: 10    Str: 20    XL:     10   Next: 17%
Magic:  0/10       EV:  2    Int:  9    God:    Okawaru [***...]
Gold:   377        SH:  0    Dex: 13    Spells: 9/9 levels left

rFire    . . .     SeeInvis .   a - +1 war axe
rCold    + . .     Gourm    .   c - +0 kite shield
rNeg     . . .     Faith    .   p - +1 scale mail {rC+}
rPois    .         Spirit   +   (helmet restricted)
rElec    .         Reflect  .   k - scarf {repulsion}
rCorr    .         Harm     .   (no gloves)
MR       .....                  (no boots)
Stlth    ..........             (no amulet)
HPRegen  0.22/turn              (no ring)
MPRegen  0.12/turn              (no ring)

@: paralysed, lethally poisoned (-3 -> -25), slowed, repel missiles
A: horns 1, thin metallic scales 1, foul stench 1, magic shield, rot immunity
a: Heroism, Renounce Religion


You were on level 9 of the Dungeon.
You worshipped Okawaru.
Okawaru was most pleased with you.
You were not hungry.

You visited 2 branches of the dungeon, and saw 10 of its levels.

You collected 377 gold pieces.

Inventory:

Hand Weapons
 a - a +1 war axe (weapon)
Missiles
 g - a boomerang (quivered)
Armour
 c - a +0 kite shield (worn)
 k - a scarf of repulsion (worn)
 p - a +1 scale mail of cold resistance (worn)
Jewellery
 i - a cursed ring of fire
 w - an uncursed amulet of faith
 z - a cursed ring of teleportation {unknown}
Wands
 b - a wand of iceblast (2)
 d - a wand of paralysis (8)
 s - a wand of flame (10)
 x - a wand of digging (7)
Scrolls
 h - 2 scrolls of magic mapping
 m - 6 scrolls of remove curse
 n - 3 scrolls of enchant weapon
 y - a scroll of blinking
Potions
 e - 2 potions of degeneration
 j - 2 potions of brilliance
 l - a potion of flight {unknown}
 o - 3 potions of stabbing
 q - a potion of mutation
 r - a potion of curing
 u - a potion of lignification
Comestibles
 f - 20 rations


   Skills:
 + Level 5.7 Fighting
 + Level 9.0 Axes
 + Level 1.5 Throwing
 + Level 6.3 Armour
 + Level 3.1 Dodging
 + Level 1.0 Stealth
 + Level 6.7 Shields
 + Level 0.5 Evocations


You had 9 spell levels left.
You didn't know any spells.
Your spell library was empty.

Dungeon Overview and Level Annotations

Branches:
Dungeon (9/15)             Temple (1/1) D:6            Lair (0/6) D:8
    Orc: D:9-12

Altars:
Ashenzari
Kikubaaqudgha
Nemelex Xobeh
Okawaru
Trog
Wu Jian
Xom
Zin

Shops:
D:7 %


Innate Abilities, Weirdness & Mutations

You have a pair of small horns on your head.
You are partially covered in thin metallic scales. (AC +2)
You may emit foul miasma when damaged in melee.
When hurt, damage is shared between your health and your magic reserves.
You are immune to rotting.


Message History

You feel sick.
A hound comes into view.
The hornet stings you.
You are more poisoned.
You feel as though you will be slow longer.
The hound barks!
The hornet stings you!
* * * LOW HITPOINT WARNING * * *
You are lethally poisoned!
You suddenly lose the ability to move!
The hornet stings you!
* * * LOW HITPOINT WARNING * * *
You feel as though you will be slow longer.
* * * LOW HITPOINT WARNING * * *
You feel very sick. The hornet stings you.
* * * LOW HITPOINT WARNING * * *
You feel as though you will be slow longer.
* * * LOW HITPOINT WARNING * * *
You feel sick. The hornet stings you!
You die...

.....
....
#...(..#
#h. ...#
#.. ...#
#.# #..#
#y# #..#
#@# #..#
#.# #..#
#.###<<#
+......#
#......#
#......#
#......#
#......#
#......#


You could see a hornet (sick) and a hound.

Vanquished Creatures
  Harold (D:7)
  A two-headed ogre (D:4)
  Maurice (D:8)
  2 hungry ghosts
  Menkaure (D:7)
  Duvessa (D:5)
  2 orc warriors
  2 ice beasts
  3 ogres
  2 phantoms
  A centaur (D:8)
  3 bullfrogs
  4 scorpions
  Dowan (D:5)
  2 howler monkeys
  A quasit (D:7)
  2 centaur skeletons
  3 orc priests
  3 bullfrog skeletons
  6 hounds
  4 jellies
  9 orc wizards
  2 worker ants (D:4)
  An iguana (D:7)
  A hound skeleton (D:4)
  Robin (D:2)
  5 gnolls
  A howler monkey skeleton (D:5)
  7 adders
  7 oozes
  An adder skeleton (D:5)
  6 worms
  A dart slug (D:2)
  6 leopard geckos
  20 orcs
  A giant cockroach (D:1)
  18 goblins
  8 hobgoblins
  5 jackals
  5 quokkas
  2 ball pythons
  5 bats
  9 frilled lizards
  5 kobolds
  A quokka skeleton (D:5)
  4 rats
177 creatures vanquished.

Vanquished Creatures (others)
  A scorpion (D:6)
  A hound (D:6)
  An orc wizard (D:6)
3 creatures vanquished.

Grand Total: 180 creatures vanquished

Notes
Turn   | Place    | Note
-------+----------+-------------------------------------------
     0 | D:1      | Clowwww the Demonspawn Fighter began the quest for the Orb.
     0 | D:1      | Reached XP level 1. HP: 18/18 MP: 1/1
   249 | D:1      | Gained mutation: You are immune to rotting. [demonic
                  | ancestry]
   249 | D:1      | Reached XP level 2. HP: 24/24 MP: 2/2
   497 | D:1      | Reached skill level 2 in Axes
   930 | D:2      | You fall into a shaft and drop 1 floor!
   960 | D:3      | Gained mutation: You have a pair of small horns on your
                  | head. [demonic ancestry]
   960 | D:3      | Reached XP level 3. HP: 21/29 MP: 3/3
  1766 | D:3      | You fall into a shaft and drop 1 floor!
  1774 | D:4      | Gained mutation: When hurt, damage is shared between your
                  | health and your magic reserves. [demonic ancestry]
  1774 | D:4      | Reached XP level 4. HP: 27/35 MP: 4/4
  1896 | D:4      | Noticed a two-headed ogre
  1901 | D:4      | Killed a two-headed ogre
  1901 | D:4      | Reached skill level 4 in Axes
  1901 | D:4      | Reached skill level 1 in Dodging
  1901 | D:4      | Gained mutation: You are partially covered in thin metallic
                  | scales. (AC +2) [demonic ancestry]
  1901 | D:4      | Reached XP level 5. HP: 4/42 MP: 1/5
  1901 | D:4      | Gained mutation: You may emit foul miasma when damaged in
                  | melee. [demonic ancestry]
  1901 | D:4      | Reached XP level 6. HP: 5/48 MP: 1/6
  1901 | D:4      | Reached XP level 7. HP: 5/54 MP: 1/7
  2250 | D:4      | Reached skill level 5 in Axes
  2261 | D:4      | You fall into a shaft and drop 1 floor!
  2261 | D:5      | Entered Level 5 of the Dungeon
  2478 | D:2      | Noticed Robin
  2486 | D:2      | Killed Robin
  3496 | D:4      | Reached skill level 5 in Armour
  3496 | D:4      | Reached XP level 8. HP: 38/61 MP: 6/8
  3721 | D:5      | Noticed Duvessa
  3721 | D:5      | Noticed Dowan
  3736 | D:5      | Killed Dowan
  3742 | D:5      | Killed Duvessa
  3852 | D:5      | Reached skill level 6 in Axes
  3945 | D:5      | Reached skill level 5 in Shields
  4742 | D:6      | Found a staircase to the Ecumenical Temple.
  4761 | Temple   | Entered the Ecumenical Temple
  4829 | Temple   | Became a worshipper of Warmaster Okawaru
  4950 | D:6      | Reached skill level 7 in Axes
  5076 | D:6      | Found a shimmering altar of Xom.
  5529 | D:7      | Reached XP level 9. HP: 51/66 MP: 7/9
  5555 | D:7      | Reached * piety under Okawaru
  5679 | D:7      | Noticed Menkaure
  5691 | D:7      | Killed Menkaure
  5893 | D:7      | Reached skill level 5 in Fighting
  5914 | D:7      | HP: 2/68 [orc warrior/+1 halberd of flaming (4)]
  5933 | D:6      | Found a shattered altar of Ashenzari.
  5933 | D:6      | Found a bloodstained altar of Trog.
  6644 | D:7      | Reached skill level 8 in Axes
  6873 | D:7      | Noticed Harold
  6893 | D:7      | Killed Harold
  6893 | D:7      | Reached ** piety under Okawaru
  6893 | D:7      | Reached skill level 1 in Throwing
  6916 | D:7      | Reached *** piety under Okawaru
  6956 | D:7      | Found an ornate altar of the Wu Jian Council.
  7010 | D:7      | Found Democ's Food Boutique.
  7246 | D:8      | Reached skill level 1 in Stealth
  7301 | D:8      | Reached XP level 10. HP: 57/74 MP: 8/10
  7586 | D:8      | Noticed Maurice
  7612 | D:8      | Killed Maurice
  7771 | D:8      | Reached skill level 9 in Axes
  7943 | D:8      | Found a staircase to the Lair.
  7994 | D:9      | Paralysed by a hornet for 1 turns
  7997 | D:9      | Paralysed by a hornet for 3 turns
  7999 | D:9      | Slain by a hornet

Illustrated notes

Levels and vault maps discovered:
D:1:      saegor_arrival_under_anarchy, layout_basic
D:2:      layout_loops_ring, first_ration, serial_bayou_pond_d,
          roderic_serpentine_path, uniq_robin
D:3:      layout_rooms, minmay_misc_feat_tiny, ebering_dispersal_statue_hall,
          minmay_crystal_room, minmay_misc_feat_enclosed
D:4:      layout_gridville, serial_bayou, serial_bayou_lagoon_b,
          serial_bayou_shore_b, serial_bayou_ford_a, serial_bayou_pond_b,
          st_stairs_8
D:5:      layout_basic, kennysheep_generic_room_5, uniq_duvessa
D:6:      layout_basic, xom_confusion_cloud, nicolae_overflow_hidden_temple,
          minmay_temple_entry_ruins, hangedman_decor_diamond_cutter,
          chequers_serial_rivers_small_3
D:7:      layout_loops_ring, kennysheep_mini, serial_shops, shop, uniq_harold,
          uniq_menkaure
D:8:      layout_rooms, lair_entry_dummy, hangedman_little_slice_of_home,
          corner_web_ring, uniq_maurice
D:9:      layout_stronghold, nicolae_gozag_zags_fifth_avenue,
          nicolae_ru_awakened_eye
Temple:   regret_index_temple_sphere_string

Skill      XL: |  1  2  3  4  5  6  7  8  9 10 |
---------------+-------------------------------+-----
Axes           | 2 4 5 7 8 9 |  9.0
Armour         | 3 4 5 6 |  6.3
Shields        | 3 4 5 6 |  6.7
Fighting       | 4 5 |  5.7
Dodging        | 1 2 3 |  3.1
Throwing       | 1 |  1.5
Stealth        | 1 |  1.0
Evocations     | |  0.5

Action                   |  1- 3 |  4- 6 |  7- 9 | 10-12 || total
-------------------------+-------+-------+-------+-------++-------
Melee: War axe           |   133 |    16 |   435 |    88 ||   672
       Headbutt          |     8 |     3 |    75 |    18 ||   104
Throw: Boomerang         |       |       |    13 |     1 ||    14
Evoke: Wand              |       |       |     4 |       ||     4
  Use: Potion            |       |     1 |     2 |     1 ||     4
       Scroll            |       |       |    17 |     3 ||    20
  Eat: Chunk             |     3 |       |    16 |     4 ||    23
       Ration            |       |       |     1 |       ||     1
Armor: Scale mail        |    60 |     5 |   138 |    34 ||   237
       Skin              |       |       |    35 |       ||    35
Dodge: Dodged            |    45 |     5 |   138 |    18 ||   206
Block: Kite shield       |    68 |    11 |   255 |    33 ||   367
